Map: Cradle of Death

Players

Pacyfist

  • Race: Terran Terran
  • Spawn Location: 0:00

Takker

  • Race: Protoss Protoss
  • Spawn Location: 0:00

VOD

Have the link to the VOD?

Description

Time

  • Played on: May 17, 2019, 3:17 p.m.
  • Length: 23:09
Show
View Real Time Build Order
Export as new Build Order

Pacyfist Terran 

Build Orders:  

Get SALT Encoding   

  12  0:15  SCV  
  13  0:21  Unknown  
  13  0:38  SCV  
  14  0:50  Refinery  
  14  0:55  SCV  
  15  1:04  Barracks  
  15  1:12  SCV  
  15  1:14  Engineering Bay  
  15  1:19  Refinery  
  16  1:29  SCV  
  17  1:46  SCV  
  18  2:03  SCV  
  19  2:22  SCV  
  19  2:27  Barracks Tech Lab  
  20  2:43  SCV  
  21  3:01  Hellbat Rangers  
  25  3:14  SCV  
  26  3:31  SCV  
  27  3:48  SCV  
  28  3:50  Suppression Shells  
  28  4:05  SCV  
  29  4:22  SCV  
  30  4:39  SCV, Elite Marine  
  35  6:58  SCV  
  36  7:02  Laser Targeting System  
  36  7:05  Factory  
  36  7:29  Unknown  
  36  7:39  Command Center  
  36  7:42  Hellbat Rangers  
  40  8:10  Terran Infantry Weapons Level 1  
  40  8:12  Factory Tech Lab  
  40  8:19  Starport  
  40  8:37  Elite Marine  
  44  9:37  Unknown  
  44  9:47  Starport Tech Lab  
  44  9:54  Hellbat Rangers  
  44  9:57  Unknown  
  48  10:20  Strike Goliath  
  54  10:32  Defensive Drone  
  54  10:50  Terran Infantry Armor Level 1  
  53  12:18  Hellbat Rangers  
  57  12:41  Raven Type-II  
  59  12:52  Elite Marine  
  59  12:53  Unknown  
  63  13:15  Heavy Siege Tank  
  69  13:58  Heavy Siege Tank  
  73  14:41  Hellbat Rangers  
  77  15:39  Defensive Drone  
  77  16:03  Strike Goliath  
  83  16:38  Unknown  
  83  16:48  Covert Banshee  
  89  17:43  Unknown  
  89  17:50  Hellbat Rangers  
  93  18:03  Unknown  
  90  18:18  SCV  
  91  18:23  Defensive Drone  
  90  18:35  SCV  
  91  18:45  Defensive Drone  
  91  18:52  SCV  
  91  18:53  Elite Marine  
  96  19:09  SCV  
  93  19:26  SCV  
  94  19:33  Hellbat Rangers  
  82  21:36  Strike Goliath  
  81  21:41  Raid Liberator  
  61  22:13  Elite Marine  
  49  22:42  Hellbat Rangers  
Show
View Real Time Build Order
Export as new Build Order

Takker Protoss 

Build Orders:  

Get SALT Encoding   

  12  0:02  Probe (Chrono Boost)  
  13  0:18  Probe (Chrono Boost)  
  14  0:23  Unknown  
  14  0:31  Probe (Chrono Boost)  
  15  0:45  Probe (Chrono Boost)  
  16  0:59  Probe (Chrono Boost)  
  17  1:15  Probe (Chrono Boost)  
  17  1:17  Xel'Naga Passageway  
  18  1:29  Probe (Chrono Boost), Xel'Naga Passageway  
  19  1:43  Probe (Chrono Boost)  
  20  1:57  Probe (Chrono Boost)  
  21  2:11  Probe (Chrono Boost)  
  22  2:40  Core Forge  
  22  2:48  Xel'Naga Ambusher  
  24  2:50  Xel'Naga Ambusher  
  26  3:41  Xel'Naga Passageway  
  26  4:10  Constructs Facility  
  26  4:20  Void Shrine  
  26  4:48  Xel'Naga Shieldguard  
  28  4:50  Xel'Naga Shieldguard  
  28  4:51  Xel'Naga Ambusher  
  28  5:25  Xel'Naga Ambusher  
  28  5:26  Xel'Naga Shieldguard  
  32  5:33  Xel'Naga Ambusher  
  34  6:03  Xel'Naga Ambusher  
  34  6:07  Xel'Naga Ambusher  
  36  6:59  Xel'Naga Ambusher  
  38  7:00  Xel'Naga Ambusher x2  
  42  7:32  Unknown  
  42  7:41  Ancient Nexus  
  42  8:30  Xel'Naga Ambusher x2  
  42  8:31  Xel'Naga Shieldguard  
  48  9:23  Probe (Chrono Boost)  
  49  9:36  Probe (Chrono Boost)  
  49  9:37  Probe (Chrono Boost)  
  51  9:50  Probe (Chrono Boost)  
  51  9:51  Probe (Chrono Boost)  
  53  10:04  Probe (Chrono Boost)  
  53  10:05  Probe (Chrono Boost)  
  55  10:12  Xel'Naga Enforcer  
  55  10:17  Probe (Chrono Boost)  
  55  10:18  Probe (Chrono Boost)  
  61  10:31  Probe (Chrono Boost)  
  54  11:34  Xel'Naga Shieldguard, Xel'Naga Ambusher  
  54  11:35  Xel'Naga Ambusher  
  54  12:11  Xel'Naga Ambusher  
  54  12:16  Xel'Naga Shieldguard x2  
  60  12:46  Xel'Naga Enforcer  
  64  12:53  Xel'Naga Ambusher x2  
  64  12:56  Unknown  
  68  13:16  Xel'Naga Ambusher  
  70  13:41  Xel'Naga Enforcer  
  70  13:48  Telbrus Legion  
  74  14:08  Xel'Naga Shieldguard x2  
  74  14:09  Xel'Naga Shieldguard  
  78  14:45  Xel'Naga Shieldguard x2  
  78  14:46  Xel'Naga Shieldguard  
  78  15:22  Xel'Naga Shieldguard  
  78  15:27  Xel'Naga Shieldguard x2  
  84  15:30  Xel'Naga Enforcer  
  88  15:59  Xel'Naga Ambusher  
  90  16:04  Xel'Naga Ambusher  
  92  16:16  Telbrus Legion  
  90  16:35  Unknown  
  84  16:48  Xel'Naga Ambusher x2  
  74  17:22  Xel'Naga Ambusher  
  74  17:29  Xel'Naga Ambusher  
  78  18:19  Xel'Naga Enforcer  
  82  18:48  Xel'Naga Ambusher x2  
  86  19:09  Xel'Naga Ambusher  
  88  19:14  Xel'Naga Enforcer  
  92  19:23  Unknown  
  86  19:52  Xel'Naga Ambusher x3  
  86  20:35  Telbrus Legion  
  86  20:44  Telbrus Legion  
  70  21:14  Xel'Naga Enforcer  
  70  21:16  Xel'Naga Ambusher  
  70  21:17  Xel'Naga Ambusher  
  70  21:56  Xel'Naga Ambusher  
  70  21:58  Xel'Naga Ambusher  
Tags
 
Commander
NovaZeratul
Matchup
Co-op
Replay Pack
Up to May 28th
Add a new tag
Caveats
  • Supply blocks, unpowered buildings, or Contaminate may cause inaccurate times.
  • Supply counts are checked every 10 seconds.